3AA
YAKIMA HOPS @ CASPER GHOSTS
08/25/2029
 
TOP OF THE 1ST
Yakima Hops batting - Pitching for Casper Ghosts : RHP Jason Millward
Pitching: RHP Jason Millward
Batting: SHB José Ángel 0-0: Called Strike
0-1: Ball
1-1: Called Strike
1-2: Strikes out swinging
Batting: RHB Colin O'Connell 0-0: Ball
1-0: Fly out, F7 (Flyball, 7D)
Batting: SHB José Rico 0-0: Called Strike
0-1: Ball
1-1: Swinging Strike
1-2: DOUBLE (Line Drive, 8RXD)
Batting: RHB Jud Regan 0-0: Called Strike
0-1: Ball
1-1: Called Strike
1-2: Ball
2-2: Foul Ball, location: 2F
2-2: Ground out 5-3 (Groundball, 5S)
Top of the 1st over - 0 runs, 1 hit, 0 errors, 1 left on base; Yakima 0 - Casper 0
BOTTOM OF THE 1ST
Casper Ghosts batting - Pitching for Yakima Hops : RHP Kendarian Handy-Holly
Pitching: RHP Kendarian Handy-Holly
Batting: LHB Ronald Anderson 0-0: Foul Ball, location: 2F
0-1: SINGLE (Flyball, 78S)
Batting: RHB José Córdova 0-0: Ball
1-0: Ball
2-0: Ball
3-0: Called Strike
3-1: Fielders Choice at 2nd, 6-4 (Groundball, 6)
Batting: RHB Derek Bangert 0-0: Ball
1-0: Called Strike
1-1: Ball
2-1: Ball
3-1: Called Strike
3-2: Base on Balls
José Córdova to second
Batting: RHB Jorge Díaz 0-0: Foul Ball, location: 2F
0-1: 3-RUN HOME RUN (Flyball, 9D), Distance : 396 ft
Batting: SHB Paco Ríos 0-0: SINGLE (Line Drive, 34)
Batting: RHB Steve Weber 0-0: Ball
Paco Ríos steals 2nd base
1-0: Ball
2-0: Foul Ball, location: 2F
2-1: DOUBLE (Line Drive, 78D)
Paco Ríos scores
Batting: RHB Félix Ramos 0-0: Ball
1-0: Ball
2-0: Called Strike
2-1: Called Strike
2-2: Ball
3-2: SINGLE (Line Drive, 34)
Steve Weber to third
Batting: LHB Jorge Morín 0-0: Fly out, F8 (Flyball, 8RD)
Runner from 3rd tags up, OUT at HOME
Bottom of the 1st over - 4 runs, 5 hits, 0 errors, 1 left on base; Yakima 0 - Casper 4
TOP OF THE 2ND
Yakima Hops batting - Pitching for Casper Ghosts : RHP Jason Millward
Batting: RHB Xavier Gama 0-0: Ball
1-0: Ball
2-0: Ball
3-0: Foul Ball, location: 2F
3-1: Foul Ball, location: 2F
3-2: SINGLE (Groundball, 34D)
Batting: LHB Bob Maher 0-0: Called Strike
0-1: Ball
1-1: Ball
Pickoff Throw to First - Error! E1
Xavier Gama to second
2-1: Ball
3-1: Foul Ball, location: 2F
3-2: Base on Balls
Batting: RHB Esteban Vázquez 0-0: Ball
1-0: Ball
2-0: Called Strike
2-1: SINGLE (Groundball, 6D)
Xavier Gama to third
Bob Maher to second
Batting: RHB Carl Herbert 0-0: Grounds into double play, 6-4-3 (Groundball, 6)
Xavier Gama scores
Bob Maher to third
Batting: RHB Mark Finney 0-0: Foul Ball, location: 2F
0-1: Ball
1-1: Ground out 5-3 (Groundball, 5)
Top of the 2nd over - 1 run, 2 hits, 1 error, 1 left on base; Yakima 1 - Casper 4
BOTTOM OF THE 2ND
Casper Ghosts batting - Pitching for Yakima Hops : RHP Kendarian Handy-Holly
Batting: RHB Juan Hernández 0-0: Called Strike
0-1: Foul Ball, location: 2F
0-2: Ground out 1-3 (Groundball, 15S)
Batting: LHB Ronald Anderson 0-0: Called Strike
0-1: Ball
1-1: Ground out 1-3 (Groundball, 13)
Batting: RHB José Córdova 0-0: Ball
1-0: Ball
2-0: Swinging Strike
2-1: Foul Ball, location: 2F
2-2: Ball
3-2: Base on Balls
Batting: RHB Derek Bangert 0-0: Ball
1-0: Ball
2-0: Ball
3-0: Base on Balls
José Córdova to second
Batting: RHB Jorge Díaz 0-0: Ball
1-0: Called Strike
1-1: SINGLE (Groundball, 56) (infield hit)
José Córdova to third
Derek Bangert to second
Batting: SHB Paco Ríos 0-0: Called Strike
0-1: Called Strike
0-2: Foul Ball, location: 2F
0-2: Strikes out swinging
Bottom of the 2nd over - 0 runs, 1 hit, 0 errors, 3 left on base; Yakima 1 - Casper 4
TOP OF THE 3RD
Yakima Hops batting - Pitching for Casper Ghosts : RHP Jason Millward
Batting: SHB José Ángel 0-0: Foul Ball, location: 2F
0-1: Ball
1-1: Fly out, F9 (Flyball, 9D)
Batting: RHB Colin O'Connell 0-0: SINGLE (Line Drive, 7LS)
Batting: SHB José Rico 0-0: Ball
1-0: Called Strike
1-1: 2-RUN HOME RUN (Line Drive, 89XD), Distance : 410 ft
Batting: RHB Jud Regan 0-0: Called Strike
0-1: Fly out, F9 (Flyball, 89S)
Batting: RHB Xavier Gama 0-0: Called Strike
0-1: Ground out 4-3 (Groundball, 4)
Top of the 3rd over - 2 runs, 2 hits, 0 errors, 0 left on base; Yakima 3 - Casper 4
BOTTOM OF THE 3RD
Casper Ghosts batting - Pitching for Yakima Hops : RHP Kendarian Handy-Holly
Batting: RHB Steve Weber 0-0: Ball
1-0: Swinging Strike
1-1: Foul Ball, location: 2F
1-2: Foul Ball, location: 2F
1-2: Strikes out swinging, 2-3 out at first.
Batting: RHB Félix Ramos 0-0: Called Strike
0-1: Ball
1-1: Ball
2-1: Called Strike
2-2: Foul Ball, location: 2F
2-2: Foul Ball, location: 2F
2-2: Strikes out swinging
Batting: LHB Jorge Morín 0-0: Called Strike
0-1: Ball
1-1: Ball
2-1: Ball
3-1: Ground out 4-3 (Groundball, 4)
Bottom of the 3rd over - 0 runs, 0 hits, 0 errors, 0 left on base; Yakima 3 - Casper 4
TOP OF THE 4TH
Yakima Hops batting - Pitching for Casper Ghosts : RHP Jason Millward
Batting: LHB Bob Maher 0-0: Ball
1-0: Ball
2-0: Swinging Strike
2-1: Ball
3-1: Called Strike
3-2: Strikes out looking
Batting: RHB Esteban Vázquez 0-0: Ball
1-0: Foul Ball, location: 2F
1-1: Ball
2-1: Ground out 2-3 (Groundball, 2R)
Batting: RHB Carl Herbert 0-0: Called Strike
0-1: Ball
1-1: Ball
2-1: Swinging Strike
2-2: SINGLE (Groundball, 6MD)
Batting: RHB Mark Finney 0-0: Ball
1-0: Fly out, F9 (Flyball, 9LS)
Top of the 4th over - 0 runs, 1 hit, 0 errors, 1 left on base; Yakima 3 - Casper 4
BOTTOM OF THE 4TH
Casper Ghosts batting - Pitching for Yakima Hops : RHP Kendarian Handy-Holly
Batting: RHB Juan Hernández 0-0: Ball
1-0: SINGLE (Groundball, 56D)
Batting: LHB Ronald Anderson 0-0: Ball
1-0: Ball
2-0: Called Strike
2-1: Ball
3-1: Called Strike
3-2: SINGLE (Groundball, 34D)
Juan Hernández to second
Runner from 2nd tries for 3rd, OUT!
Batting: RHB José Córdova 0-0: Called Strike
0-1: Called Strike
0-2: Ball
1-2: Foul Ball, location: 2F
1-2: 2-RUN HOME RUN (Line Drive, 9D), Distance : 401 ft
Batting: RHB Derek Bangert 0-0: Called Strike
0-1: Foul Ball, location: 2F
0-2: Ball
1-2: Ball
2-2: Strikes out looking
Batting: RHB Jorge Díaz 0-0: Ball
1-0: Fly out, F9 (Flyball, 9)
Bottom of the 4th over - 2 runs, 3 hits, 0 errors, 0 left on base; Yakima 3 - Casper 6
TOP OF THE 5TH
Yakima Hops batting - Pitching for Casper Ghosts : RHP Jason Millward
Batting: SHB José Ángel 0-0: Called Strike
0-1: Foul Ball, location: 2F
0-2: Ball
1-2: SINGLE (Line Drive, 56)
Batting: RHB Colin O'Connell 0-0: Bunted foul
0-1: Sac Bunt - play at first, batter OUT! 5-4
José Ángel to second
Batting: SHB José Rico 0-0: Called Strike
0-1: Foul Ball, location: 2F
0-2: Strikes out looking
Batting: RHB Jud Regan 0-0: Fly out, F6 (Line Drive, 6)
Top of the 5th over - 0 runs, 1 hit, 0 errors, 1 left on base; Yakima 3 - Casper 6
BOTTOM OF THE 5TH
Casper Ghosts batting - Pitching for Yakima Hops : RHP Kendarian Handy-Holly
Batting: SHB Paco Ríos 0-0: Foul Ball, location: 2F
0-1: Swinging Strike
0-2: Ball
1-2: Fly out, F6 (Popup, 6)
Pitching: RHP Jesús Pineda
Batting: RHB Steve Weber 0-0: Ball
1-0: Ball
2-0: SINGLE (Groundball, 56D)
Batting: RHB Félix Ramos 0-0: Called Strike
Steve Weber steals 2nd base
0-1: Ground out 6-3 (Groundball, 6S)
Steve Weber to third
Batting: LHB Jorge Morín 0-0: Ball
1-0: Ground out U3 (Groundball, 34)
Bottom of the 5th over - 0 runs, 1 hit, 0 errors, 1 left on base; Yakima 3 - Casper 6
TOP OF THE 6TH
Yakima Hops batting - Pitching for Casper Ghosts : RHP Jason Millward
Batting: RHB Xavier Gama 0-0: Ball
1-0: Swinging Strike
1-1: Foul Ball, location: 2F
1-2: Foul Ball, location: 2F
1-2: SINGLE (Flyball, 3D)
Batting: LHB Bob Maher 0-0: Ball
Xavier Gama steals 2nd base
1-0: Called Strike
1-1: Ball
2-1: Foul Ball, location: 2F
2-2: Ball
3-2: Base on Balls
Batting: RHB Esteban Vázquez 0-0: Ball
1-0: Sac Bunt - play at first, batter OUT! 3-4
Xavier Gama to third
Bob Maher to second
Batting: RHB Carl Herbert 0-0: SINGLE (Groundball, 56D)
Xavier Gama scores
Bob Maher to third
Runner from 3rd tries for Home, SAFE, no throw
Batting: RHB Mark Finney 0-0: Called Strike
0-1: Ball
1-1: Ball
2-1: Called Strike
2-2: SINGLE (Line Drive, 56D)
Carl Herbert to second
Batting: SHB José Ángel 0-0: Ball
1-0: Called Strike
1-1: Fielders Choice at 2nd, 1-6 (Groundball, 13)
Carl Herbert to third
Batting: RHB Colin O'Connell 0-0: Called Strike
0-1: Called Strike
0-2: Ball
1-2: Ball
2-2: Ball
3-2: Strikes out swinging
Top of the 6th over - 2 runs, 3 hits, 0 errors, 2 left on base; Yakima 5 - Casper 6
BOTTOM OF THE 6TH
Casper Ghosts batting - Pitching for Yakima Hops : RHP Jesús Pineda
Batting: RHB Juan Hernández 0-0: Called Strike
0-1: Ball
1-1: Foul Ball, location: 2F
1-2: Ball
2-2: Ball
3-2: SINGLE (Line Drive, 56D)
Batting: LHB Ronald Anderson 0-0: Ball
1-0: Bunted foul
1-1: Ball
2-1: Bunt missed!
2-2: Ball
3-2: Fly out, F9 (Flyball, 9LS)
Batting: RHB José Córdova 0-0: Fly out, F8 (Flyball, 8LM)
Batting: RHB Derek Bangert 0-0: Ball
1-0: Ball
2-0: Ball
Wild Pitch!
Juan Hernández to second
3-0: Fly out, F8 (Flyball, 8RM)
Bottom of the 6th over - 0 runs, 1 hit, 0 errors, 1 left on base; Yakima 5 - Casper 6
TOP OF THE 7TH
Yakima Hops batting - Pitching for Casper Ghosts : RHP Jason Millward
Batting: SHB José Rico 0-0: Fly out, F7 (Flyball, 7S)
Batting: RHB Jud Regan 0-0: Ball
1-0: Ball
2-0: Foul Ball, location: 2F
2-1: Ground out 6-3 (Groundball, 6)
Batting: RHB Xavier Gama 0-0: Ball
1-0: Swinging Strike
1-1: Foul Ball, location: 2F
1-2: Ball
2-2: Strikes out swinging
Top of the 7th over - 0 runs, 0 hits, 0 errors, 0 left on base; Yakima 5 - Casper 6
BOTTOM OF THE 7TH
Casper Ghosts batting - Pitching for Yakima Hops : RHP Jesús Pineda
Batting: RHB Jorge Díaz 0-0: SOLO HOME RUN (Flyball, 9D), Distance : 373 ft
Batting: SHB Paco Ríos 0-0: Ball
1-0: Ball
2-0: Swinging Strike
2-1: Ball
3-1: Base on Balls
Batting: RHB Steve Weber 0-0: Ball
1-0: Sac Bunt - play at first, batter OUT! 1-4
Paco Ríos to second
Batting: RHB Félix Ramos 0-0: Ball
1-0: Ball
Paco Ríos steals 3rd base
2-0: Ball
3-0: Called Strike
3-1: Called Strike
3-2: Ground out 5-3 (Groundball, 56)
Batting: LHB Jorge Morín 0-0: Foul Ball, location: 2F
0-1: SINGLE (Line Drive, 9LM)
Paco Ríos scores
Pitching: RHP Pieter Spitsbaard
Batting: RHB Juan Hernández 0-0: Ball
1-0: Ball
2-0: Ball
3-0: Called Strike
3-1: Fly out, F5 (Line Drive, 6)
Bottom of the 7th over - 2 runs, 2 hits, 0 errors, 1 left on base; Yakima 5 - Casper 8
TOP OF THE 8TH
Yakima Hops batting - Pitching for Casper Ghosts : RHP Jason Millward
Batting: LHB Bob Maher 0-0: Swinging Strike
0-1: Ball
1-1: Swinging Strike
1-2: Ball
2-2: Strikes out swinging passed ball, reaches first!
Batting: RHB Esteban Vázquez 0-0: Ball
1-0: Foul Ball, location: 2F
1-1: Swinging Strike
1-2: Strikes out swinging
Pitching: RHP Yoshii Ikeda
Batting: RHB Carl Herbert 0-0: Ball
1-0: Ball
2-0: Ball
3-0: Called Strike
3-1: Fielders Choice at 2nd, 6-4 (Groundball, 56)
Batting: RHB Mark Finney 0-0: Fly out, F9 (Line Drive, 9)
Top of the 8th over - 0 runs, 0 hits, 0 errors, 1 left on base; Yakima 5 - Casper 8
BOTTOM OF THE 8TH
Casper Ghosts batting - Pitching for Yakima Hops : RHP Pieter Spitsbaard
Batting: LHB Ronald Anderson 0-0: Ball
1-0: Ball
2-0: Called Strike
2-1: Fly out, F9 (Flyball, 9)
Batting: RHB José Córdova 0-0: SINGLE (Flyball, 7LS)
Batting: RHB Derek Bangert 0-0: Foul Ball, location: 2F
0-1: Foul Ball, location: 2F
0-2: Ball
1-2: Ball
2-2: Ball
José Córdova is caught stealing 2nd base
3-2: Fly out, F9 (Flyball, 9)
Bottom of the 8th over - 0 runs, 1 hit, 0 errors, 0 left on base; Yakima 5 - Casper 8
TOP OF THE 9TH
Yakima Hops batting - Pitching for Casper Ghosts : RHP Yoshii Ikeda
Batting: SHB José Ángel 0-0: Called Strike
0-1: Ball
1-1: Ball
2-1: Fly out, F9 (Line Drive, 9D)
Batting: RHB Colin O'Connell 0-0: Foul Ball, location: 2F
0-1: Ball
1-1: Swinging Strike
1-2: Ground out 4-3 (Groundball, 4)
Batting: SHB José Rico 0-0: Ball
1-0: Ball
2-0: Called Strike
2-1: Called Strike
2-2: Ball
3-2: Fly out, F9 (Flyball, 9S)
Top of the 9th over - 0 runs, 0 hits, 0 errors, 0 left on base; Yakima 5 - Casper 8
Tuesday, December 19th, 2017 - OOTP Baseball 18.8 Build 76